Map: Романтицид РВ

Players

Hawk - Winner!

  • Race: Protoss Protoss
  • League: Master
  • Spawn Location: 5:00

IIIIIIIIIIII

  • Race: Zerg Zerg
  • League: Master
  • Spawn Location: 11:00

VOD

Have the link to the VOD?

Description

Time

  • Played on: Feb. 1, 2021, 1:42 p.m.
  • Length: 7:02
Show
View Real Time Build Order
Export as new Build Order

Hawk Protoss - Winner!

Build Orders: Nexus First, Zealot Archon, Archon Drop 

Get SALT Encoding   

  12  0:00  Probe  
  13  0:13  Probe  
  14  0:18  Pylon  
  14  0:25  Probe  
  15  0:37  Probe  
  16  0:49  Probe  
  17  1:00  Nexus  
  17  1:03  Probe  
  18  1:15  Gateway  
  18  1:17  Probe (Chrono Boost)  
  19  1:24  Assimilator  
  19  1:29  Probe (Chrono Boost)  
  19  1:31  Assimilator  
  20  1:38  Probe (Chrono Boost)  
  21  1:40  Pylon  
  21  1:44  Probe (Chrono Boost)  
  23  1:55  Probe (Chrono Boost)  
  23  2:00  Probe (Chrono Boost)  
  23  2:02  Cybernetics Core  
  23  2:05  Zealot  
  26  2:11  Probe (Chrono Boost)  
  26  2:12  Probe (Chrono Boost)  
  28  2:21  Probe x2 (Chrono Boost)  
  30  2:25  Probe (Chrono Boost)  
  30  2:26  Probe (Chrono Boost)  
  32  2:36  Probe  
  33  2:38  Stargate, Probe  
  33  2:41  Sentry  
  36  2:48  Probe  
  36  2:49  Warp Gate  
  36  2:50  Probe  
  38  2:52  Assimilator  
  38  2:54  Assimilator  
  38  3:00  Probe  
  38  3:02  Probe  
  38  3:03  Pylon  
  40  3:08  Shield Battery  
  40  3:12  Probe  
  40  3:13  Probe, Void Ray (Chrono Boost)  
  42  3:21  Probe  
  42  3:25  Probe  
  48  3:29  Pylon, Probe  
  49  3:37  Probe  
  49  3:41  Probe  
  50  3:43  Void Ray  
  51  3:49  Probe  
  51  3:52  Twilight Council  
  51  3:53  Robotics Facility  
  56  4:04  Gateway  
  56  4:05  Gateway  
  56  4:09  Gateway  
  56  4:30  Templar Archives  
  56  4:33  Charge (Chrono Boost)  
  56  4:40  Warp Prism  
  56  4:45  Gateway  
  58  4:46  Gateway  
  58  4:48  Gateway  
  58  4:49  Pylon, Gateway  
  58  5:04  Nexus  
  58  5:12  High Templar x3  
  58  5:13  High Templar  
  66  5:20  Pylon  
  66  5:21  Pylon  
  66  5:25  Pylon  
  66  5:27  Probe x2  
  68  5:33  Pylon  
  68  5:39  Probe x2  
  68  5:42  High Templar x2  
  74  5:46  Archon x3  
  74  5:51  Zealot x6  
  86  6:10  Probe x2  
  86  6:12  High Templar x2  
  86  6:16  Archon  
  86  6:17  Zealot x4  
  86  6:18  Zealot x2  
  94  6:39  High Templar x2  
  92  6:44  Zealot x5  
  92  6:46  Archon  
  94  6:56  Zealot  
Show
View Real Time Build Order
Export as new Build Order

IIIIIIIIIIII Zerg 

Build Orders: Hatch First 

Get SALT Encoding   

  12  0:00  Drone  
  13  0:12  Overlord  
  13  0:17  Drone  
  14  0:30  Drone x2  
  16  0:48  Hatchery  
  15  0:51  Drone  
  15  0:56  Drone  
  17  0:58  Drone  
  18  1:14  Spawning Pool  
  18  1:15  Extractor  
  16  1:19  Drone  
  16  1:21  Drone  
  18  1:28  Drone  
  19  1:40  Drone  
  20  2:00  Queen x2  
  24  2:01  Overlord  
  24  2:02  Zergling x4  
  26  2:13  Drone x2  
  28  2:23  Drone x2  
  30  2:33  Drone  
  30  2:34  Hatchery  
  30  2:35  Drone  
  31  2:43  Drone x2  
  33  2:54  Overlord  
  33  2:55  Metabolic Boost  
  33  2:56  Drone  
  33  2:58  Queen  
  36  3:06  Overlord  
  36  3:12  Drone x4  
  40  3:13  Drone  
  40  3:15  Drone  
  42  3:20  Drone x2  
  44  3:27  Overlord  
  44  3:36  Queen  
  44  3:39  Overlord  
  44  3:40  Drone x4  
  50  3:46  Queen  
  50  3:47  Drone x2  
  50  3:48  Drone  
  55  3:52  Overlord  
  55  3:59  Drone x2  
  57  4:04  Drone  
  57  4:06  Overlord  
  57  4:08  Drone x2  
  57  4:09  Drone x2  
  62  4:12  Spore Crawler  
  62  4:15  Queen  
  63  4:17  Drone x4  
  67  4:28  Drone x3  
  67  4:29  Lair  
  70  4:32  Overlord x2  
  69  4:38  Drone  
  69  4:43  Extractor, Drone x2  
  69  4:44  Extractor  
  70  4:46  Roach Warren  
  70  4:48  Drone x4  
  70  4:49  Overlord x2  
  73  4:58  Drone  
  73  4:59  Drone x4  
  78  5:07  Extractor  
  78  5:09  Extractor, Evolution Chamber  
  78  5:10  Spore Crawler  
  78  5:11  Spore Crawler  
  78  5:13  Drone x3  
  76  5:17  Drone x5  
  76  5:20  Extractor  
  80  5:26  Overseer  
  80  5:33  Zergling x4  
  80  5:34  Zergling x2  
  83  5:39  Hatchery  
  83  5:42  Overlord  
  82  5:47  Overlord x2  
  82  5:49  Roach x7  
  96  5:55  Roach x4  
  104  6:03  Roach x5  
  109  6:15  Roach x2  
  109  6:16  Roach x4  
  110  6:20  Roach  
  110  6:22  Roach x2  
  98  6:31  Roach  
  98  6:32  Roach  
  86  6:38  Roach  
  78  6:42  Roach x3  
  78  6:43  Roach  
Tags
 
Add a new tag
Caveats
  • Supply blocks, unpowered buildings, or Contaminate may cause inaccurate times.
  • Supply counts are checked every 10 seconds.